Cogmind - Beta 11.2 @@@ ROGUE MODE // 2023.01.04 @ 17:29:00 // Winter2022/Polymind Player: IzRey Result: Destroyed by S-27 Virus with Autogun Performance ------------- Evolutions (4) 2000 Regions Visited (7) 1400 Robots Destroyed (11) 55 Value Destroyed (286) 286 Prototype IDs (0) 0 Alien Tech Used (0) 0 Bonus (4347) 4347 TOTAL SCORE: 8038 Bonus ------- Polymind Skill 4053 Pacifist 270 High Alert Combat Kills 24 Cogmind --------- Core Integrity 0/850 Matter 0/0 Energy 25/25 System Corruption 0% Temperature Cool (0) Movement Core (200) Ox3 Location -6/Factory Parts ------- > --- POWER (1) -------- (None) > --- PROPULSION (4) --- (None) > --- UTILITY (3) ------ Medium Storage Unit > --- WEAPON (0) ------- (None) > --- INVENTORY (6) ---- Gravmag System Gravmag System Gravmag System Matter Compressor (20) Heavy Machine Gun Peak State ------------ > --- POWER ------------ Light Angular Momentum Engine > --- PROPULSION ------- Carbon-fiber Leg Carbon-fiber Leg > --- UTILITY ---------- Advanced Heat Sink > --- WEAPON ----------- Heavy Laser > --- INVENTORY -------- (None) [Rating: 20] Favorites ----------- Power Light Ion Engine Engine Light Ion Engine Propulsion Wheel Treads Light Treads Leg Carbon-fiber Leg Wheel Wheel Hover Unit Improved Hover Unit Flight Unit Flight Unit Utility Medium Matter Pod Device Heat Sink Storage Medium Matter Pod Processor Visual Processing Unit Protection Light Armor Plating Weapon Beam Rifle Energy Gun Beam Rifle Ballistic Gun Heavy Assault Rifle Special Weapon Welding Torch Build | -11 -10 -10 -10 -9 -8 -7 -6 ------- Run | Scr Mat Min Exi Min Mat Fac Fac Slots Evolved . | . . . . . . . . Power . | . . . . . . . . Propulsion . | . . . . . . . . Utility . | . . . . . . . . Weapon . | . . . . . . . . Parts Attached . | . . . . . . . . Power . | . . . . . . . . Engine . | . . . . . . . . Core . | . . . . . . . . Reactor . | . . . . . . . . Propulsion . | . . . . . . . . Treads . | . . . . . . . . Leg . | . . . . . . . . Wheel . | . . . . . . . . Hover . | . . . . . . . . Flight . | . . . . . . . . Utility . | . . . . . . . . Device . | . . . . . . . . Storage . | . . . . . . . . Processor . | . . . . . . . . Hackware . | . . . . . . . . Protection . | . . . . . . . . Artifact . | . . . . . . . . Weapon . | . . . . . . . . Energy Gun . | . . . . . . . . Energy Cannon . | . . . . . . . . Ballistic Gun . | . . . . . . . . Ballistic Cannon . | . . . . . . . . Launcher . | . . . . . . . . Special Weapon . | . . . . . . . . Impact Weapon . | . . . . . . . . Slashing Weapon . | . . . . . . . . Piercing Weapon . | . . . . . . . . Special Melee Weapon . | . . . . . . . . Unidentified Prototypes . | . . . . . . . . Parts Lost 25 | . . . . . 10 8 7 Power 5 | . . . . . 2 2 1 Propulsion 11 | . . . . . 3 4 4 Utility 4 | . . . . . 1 1 2 Weapon 5 | . . . . . 4 1 . Highest Loss Streak 7 | . . . . . 5 5 7 To Critical Strikes . | . . . . . . . . Average Slot Usage (%) 88 | . 95 100 100 100 89 82 30 Engine 17 | . 23 25 25 25 12 12 3 Treads 2 | . . . . . 11 . . Leg 1 | . . . . . 8 . . Wheel 27 | . 47 50 50 50 6 6 13 Hover 4 | . . . . . . 18 . Flight 1 | . . . . . 6 . . Device 7 | . . . . . 15 16 5 Storage 12 | . 23 25 25 25 3 . 8 Processor 5 | . . . . . . 23 . Protection 1 | . . . . . 5 . . Energy Gun 2 | . . . . . 10 . . Ballistic Gun 1 | . . . . . 8 . . Naked Turns 154 | . 19 . . . 5 78 52 Heaviest Build 26 | . 5 5 5 5 18 6 26 Greatest Support 64 | 3 20 20 20 20 40 20 64 Greatest Overweight (x) 1 | . . . . . . 1 1 Average Overweight (x) . | . . . . . . . . Largest Inventory Capacity 6 | . 1 1 1 1 1 . 6 Average Capacity . | . . 1 1 1 . . 3 Most Carried 5 | . 1 1 1 1 1 . 5 Average Carried . | . . 1 1 1 . . 2 Final Capacity 6 | . 1 1 1 1 . . 6 Final Carried 5 | . 1 1 1 1 . . 5 Class Distribution -------------------- 49% | Worker 13% | Watcher 10% | Sentry 6% | Cogmind 6% | Builder 4% | Grunt 4% | Recycler Dominant Class ---------------- Worker | -10/Materials Worker | -10/Mines Worker | -10/Exiles Worker | -9/Mines Sentry | -8/Materials Watcher | -7/Factory Recycler | -6/Factory Resources | -11 -10 -10 -10 -9 -8 -7 -6 ----------- Run | Scr Mat Min Exi Min Mat Fac Fac Matter Collected 139 | . . 95 . 5 39 . . Remotely . | . . . . . . . . Salvage Created 255 | . . . . . 255 . . Parts 22 | . . . . . 22 . . Haulers Intercepted . | . . . . . . . . Recyclers Shooed . | . . . . . . . . Parts Field Recycled . | . . . . . . . . Retrieved Matter . | . . . . . . . . Parts Self-Destructed . | . . . . . . . . Prevented . | . . . . . . . . Kills | -11 -10 -10 -10 -9 -8 -7 -6 ------- Run | Scr Mat Min Exi Min Mat Fac Fac Combat Hostiles Destroyed 9 | . . . . . 9 . . Guns 9 | . . . . . 9 . . Classes Destroyed 6 | . . . . . 6 . . Worker 1 | . . . . . 1 . . Recycler 1 | . . . . . 1 . . Swarmer 4 | . . . . . 4 . . Grunt 2 | . . . . . 2 . . Sentry 2 | . . . . . 2 . . Hunter 1 | . . . . . 1 . . Best Kill Streak 3 | . . . . . 3 . . Combat Bots Only 3 | . . . . . 3 . . Max Kills in Single Turn 1 | . . . . . 1 . . Gunslinging . | . . . . . . . . Exploded . | . . . . . . . . Melee . | . . . . . . . . Uniques/NPCs Destroyed . | . . . . . . . . Combat | -11 -10 -10 -10 -9 -8 -7 -6 -------- Run | Scr Mat Min Exi Min Mat Fac Fac Damage Taken 3419 | . . . . . 1280 773 1366 Core 1601 | . . . . . 325 421 855 Absorbed by Shields . | . . . . . . . . Core Remaining (%) 69 | 100 . . . 100 40 39 . Volleys Fired 50 | . . . . . 50 . . Largest 2 | . . . . . 2 . . Hottest 79 | . . . . . 79 . . Shots Fired 74 | . . . . . 74 . . Gun 74 | . . . . . 74 . . Cannon . | . . . . . . . . Launcher . | . . . . . . . . Special . | . . . . . . . . Kinetic 39 | . . . . . 39 . . Thermal 35 | . . . . . 35 . . Explosive . | . . . . . . . . Electromagnetic . | . . . . . . . . Robot Hit Streak 9 | . . . . . 9 . . Robot Miss Streak 5 | . . . . . 5 . . Penetration Max . | . . . . . . . . Secondary Targets 1 | . . . . . 1 . . Max Gunslinging Chain 1 | . . . . . 1 . . Shots Hit Robots 47 | . . . . . 47 . . Core Hits 24 | . . . . . 22 2 . Critical Kills . | . . . . . . . . Critical Parts Destroyed . | . . . . . . . . Critical Strikes 1 | . . . . . 1 . . Burn 1 | . . . . . 1 . . Melee Attacks . | . . . . . . . . Impact . | . . . . . . . . Slashing . | . . . . . . . . Piercing . | . . . . . . . . Sneak Attacks . | . . . . . . . . Combat Hostiles . | . . . . . . . . Follow-up Attacks . | . . . . . . . . Damage Inflicted 762 | . . . . . 682 80 . Guns 678 | . . . . . 678 . . Cannons . | . . . . . . . . Explosions . | . . . . . . . . Melee . | . . . . . . . . Ramming 84 | . . . . . 4 80 . Kinetic 298 | . . . . . 298 . . Thermal 380 | . . . . . 380 . . Explosive . | . . . . . . . . Electromagnetic . | . . . . . . . . Impact . | . . . . . . . . Slashing . | . . . . . . . . Piercing . | . . . . . . . . Highest Corruption 1 | . . . . . . 1 . Average Corruption 1 | . . . . . . 1 . Corruption Purged . | . . . . . . . . Corruption Blocked . | . . . . . . . . Overload Shots . | . . . . . . . . Overflow Damage . | . . . . . . . . Projectiles . | . . . . . . . . Explosions . | . . . . . . . . Melee . | . . . . . . . . Knockbacks . | . . . . . . . . Impact . | . . . . . . . . Kinetic . | . . . . . . . . Secondary . | . . . . . . . . Self-Inflicted Damage 37 | . . . . . . 37 . Shots . | . . . . . . . . Rammed 12 | . . . . . . 12 . Targets Rammed 14 | . . . . . 2 12 . Kicked 2 | . . . . . 2 . . Crushed . | . . . . . . . . Highest Temperature 536 | . . . . . 536 13 . Average Temperature 142 | . . . . . 156 5 . Received Heat Transfer 540 | . . . . . 459 81 . Effects 5 | . . . . . 5 . . Shutdowns 1 | . . . . . 1 . . Matter Decay 1 | . . . . . 1 . . Damage (minor) 2 | . . . . . 2 . . Damage (core) 1 | . . . . . 1 . . Siege Activations . | . . . . . . . . Robots Corrupted . | . . . . . . . . Combat Hostiles . | . . . . . . . . Parts Fried . | . . . . . . . . Impact Corruptions . | . . . . . . . . Robots Melted . | . . . . . . . . Combat Hostiles . | . . . . . . . . Parts Melted 2 | . . . . . 2 . . Heat Transferred 962 | . . . . . 962 . . Parts Sabotaged . | . . . . . . . . Parts Stolen . | . . . . . . . . Parts Stripped . | . . . . . . . . Power Chain Reactions . | . . . . . . . . Missiles Intercepted . | . . . . . . . . Alert | -11 -10 -10 -10 -9 -8 -7 -6 ------- Run | Scr Mat Min Exi Min Mat Fac Fac Peak Influence 440 | . . . . . 440 352 163 Initial 172 | . . . . . . 172 118 Average 166 | . . . . . 296 269 122 Maximum Alert Level 2 | . . . . . 2 1 . Low Security (%) 53 | 100 100 100 . 100 15 14 100 Level 1 42 | . . . . . 66 85 . Level 2 4 | . . . . . 18 . . Level 3 . | . . . . . . . . Level 4 . | . . . . . . . . Level 5 . | . . . . . . . . High Security . | . . . . . . . . Max Security . | . . . . . . . . Squads Dispatched 8 | . . . . 1 2 4 1 Investigation 2 | . . . . 1 . 1 . Extermination . | . . . . . . . . Reinforcement 6 | . . . . . 2 3 1 Assault . | . . . . . . . . Garrison . | . . . . . . . . Intercept . | . . . . . . . . Searches Triggered . | . . . . . . . . Construction Impeded . | . . . . . . . . Haulers Reinforced . | . . . . . . . . Active Scanning Responses . | . . . . . . . . Cargo Convoy Interrupts . | . . . . . . . . Stealth | -11 -10 -10 -10 -9 -8 -7 -6 --------- Run | Scr Mat Min Exi Min Mat Fac Fac Distress Signals 6 | . . . . . 3 3 . Communications Jammed . | . . . . . . . . Distress Signals . | . . . . . . . . Times Spotted 72 | . 1 . . . 32 32 7 Peak Tracking Total 9 | . 3 . . . 5 9 5 Tactical Retreats 7 | . . . . . 3 4 . Traps | -11 -10 -10 -10 -9 -8 -7 -6 ------- Run | Scr Mat Min Exi Min Mat Fac Fac Traps Triggered 1 | . . . . . . 1 . Indirectly . | . . . . . . . . Trap Hack Attempts . | . . . . . . . . Triggered . | . . . . . . . . Disarmed . | . . . . . . . . Reprogrammed . | . . . . . . . . Reused . | . . . . . . . . Traps Extracted . | . . . . . . . . Installed . | . . . . . . . . Triggered . | . . . . . . . . Machines | -11 -10 -10 -10 -9 -8 -7 -6 ---------- Run | Scr Mat Min Exi Min Mat Fac Fac Machines Disabled . | . . . . . . . . Max in Single Turn . | . . . . . . . . Machines Sabotaged . | . . . . . . . . Garrisons Compromised . | . . . . . . . . Overloaded Fab Kills . | . . . . . . . . Hacking | -11 -10 -10 -10 -9 -8 -7 -6 --------- Run | Scr Mat Min Exi Min Mat Fac Fac Machines Accessed 8 | . 1 . 4 1 . 2 . Terminals 1 | . . . . . . 1 . Fabricators . | . . . . . . . . Repair Stations . | . . . . . . . . Recycling Units 1 | . 1 . . . . . . Scanalyzers . | . . . . . . . . Garrison Access 1 | . . . . . . 1 . Total Hacks 55 | . 2 . 49 1 . 3 . Successful 53 | . 2 . 49 1 . 1 . Failed 2 | . . . . . . 2 . Catastrophic 1 | . . . . . . 1 . Database Lockouts . | . . . . . . . . Manual . | . . . . . . . . Terminals 1 | . . . . . . 1 . Fabricators . | . . . . . . . . Repair Stations . | . . . . . . . . Recycling Units 2 | . 2 . . . . . . Scanalyzers . | . . . . . . . . Garrison Access 2 | . . . . . . 2 . Terminal Hacks 51 | . . . 49 1 . 1 . Record 49 | . . . 49 . . . . Open Door 1 | . . . . 1 . . . Open DSF 1 | . . . . . . 1 . Fabricator Hacks . | . . . . . . . . Repair Station Hacks . | . . . . . . . . Recycling Unit Hacks 2 | . 2 . . . . . . Process 1 | . 1 . . . . . . Report Inventory 1 | . 1 . . . . . . Scanalyzer . | . . . . . . . . Garrison Access Hacks . | . . . . . . . . Unauthorized Hacks . | . . . . . . . . Terminals . | . . . . . . . . Fabricators . | . . . . . . . . Repair Stations . | . . . . . . . . Recycling Units . | . . . . . . . . Scanalyzers . | . . . . . . . . Garrison Access . | . . . . . . . . Data Cores Recovered . | . . . . . . . . Used . | . . . . . . . . Hacking Detections 1 | . . . . . . 1 . Full Trace Events 1 | . . . . . . 1 . Feedback Events . | . . . . . . . . Feedback Blocked . | . . . . . . . . Robot Schematics Acquired . | . . . . . . . . Robots Built . | . . . . . . . . Authchips . | . . . . . . . . Time . | . . . . . . . . Total Robot Build Rating . | . . . . . . . . Part Schematics Acquired . | . . . . . . . . Parts Built . | . . . . . . . . Authchips . | . . . . . . . . Time . | . . . . . . . . Total Part Build Rating . | . . . . . . . . Parts Repaired . | . . . . . . . . Time . | . . . . . . . . Parts Recycled . | . . . . . . . . Recycled Matter 8 | . 8 . . . . . . Retrieved Matter . | . . . . . . . . Retrieved Components . | . . . . . . . . Parts Scanalyzed . | . . . . . . . . Part Schematics Acquired . | . . . . . . . . Parts Damaged . | . . . . . . . . Bothacking | -11 -10 -10 -10 -9 -8 -7 -6 ------------ Run | Scr Mat Min Exi Min Mat Fac Fac Used RIF Installer . | . . . . . . . . Robots Hacked 7 | . . . . . 3 3 1 Non-combat 4 | . . . . . . 3 1 Combat 3 | . . . . . 3 . . Robot Hacks Applied 11 | . . . . . 6 4 1 map_walls 2 | . . . . . . 2 . find_recycling 1 | . . . . . . . 1 map_route 1 | . . . . . . 1 . mark_security 1 | . . . . . . 1 . find_shortcuts 3 | . . . . . 3 . . find_garrison 3 | . . . . . 3 . . Relay Couplers Released . | . . . . . . . . Fabnet Peak Effective % . | . . . . . . . . Robots Rewired . | . . . . . . . . Allies Hacked . | . . . . . . . . Hacks Repelled . | . . . . . . . . Allies | -11 -10 -10 -10 -9 -8 -7 -6 -------- Run | Scr Mat Min Exi Min Mat Fac Fac Total Allies . | . . . . . . . . Largest Group . | . . . . . . . . Highest-Rated Group . | . . . . . . . . Highest-Rated Ally . | . . . . . . . . Total Orders . | . . . . . . . . Ally Attacks . | . . . . . . . . Total Damage . | . . . . . . . . Kills . | . . . . . . . . Allies Corrupted . | . . . . . . . . Allies Melted . | . . . . . . . . Intel | -11 -10 -10 -10 -9 -8 -7 -6 ------- Run | Scr Mat Min Exi Min Mat Fac Fac Robot Analysis Total 7 | . 1 . . . 3 2 1 Derelict Logs Recovered 1 | . . 1 . . . . . Drone Launches . | . . . . . . . . Drone Recoveries . | . . . . . . . . Exploration | -11 -10 -10 -10 -9 -8 -7 -6 ------------- Run | Scr Mat Min Exi Min Mat Fac Fac Turns Passed 2238 | 9 237 245 386 185 487 537 152 Spaces Moved 2644 | 18 309 307 483 231 308 847 141 Core 346 | 18 37 . . . 10 178 103 Treads 63 | . . . . . 63 . . Legs 62 | . . . . . 62 . . Wheels 1570 | . 272 307 483 231 74 165 38 Hover 504 | . . . . . . 504 . Flight 99 | . . . . . 99 . . Fastest Speed 37 | 50 50 80 80 80 37 50 50 Average Speed 73 | 50 76 80 80 80 89 59 63 Slowest Speed 160 | 50 80 80 80 80 160 100 115 Overloaded Moves . | . . . . . . . . Propulsion Burnouts . | . . . . . . . . Robots Hopped 1 | . . . . . 1 . . Cave-ins Triggered . | . . . . . . . . Exploration Rate (%) 41 | 4 57 67 89 48 33 31 5 Regions Visited 7 Branch Regions 3 Pre-discovered Areas 2 | . . 1 1 . . . . Known Exits Taken . | . . . . . . . . Unknown Exits Taken 7 | 1 1 1 1 1 1 1 . Scrap Searched . | . . . . . . . . Spaces Dug . | . . . . . . . . Terrain Destroyed . | . . . . . . . . Melee . | . . . . . . . . Projectile . | . . . . . . . . AOE . | . . . . . . . . Terrain Rammed . | . . . . . . . . Walls Destroyed . | . . . . . . . . Machines Disabled . | . . . . . . . . Actions | -11 -10 -10 -10 -9 -8 -7 -6 --------- Run | Scr Mat Min Exi Min Mat Fac Fac Total 2872 | 17 309 306 482 230 446 879 203 Wait 166 | . . . . . 88 21 57 Move 2635 | 17 308 306 482 230 305 846 141 Hop 1 | . . . . . 1 . . Pick Up 6 | . 1 . . . . . 5 Fast Attach . | . . . . . . . . Attach . | . . . . . . . . Detach . | . . . . . . . . Swap . | . . . . . . . . Drop . | . . . . . . . . Fire 50 | . . . . . 50 . . Melee . | . . . . . . . . Ram 12 | . . . . . . 12 . Kick 2 | . . . . . 2 . . Crush . | . . . . . . . . Escape Stasis . | . . . . . . . . Rewire . | . . . . . . . . Trap . | . . . . . . . . Miscellaneous . | . . . . . . . . Route ------- -11/Scrapyard -10/Materials (discovered 3 exits: [*Mat] / [*Min x2]) -10/Mines (discovered 3 exits: [*Mat x2] / *Exi) -10/Exiles (discovered 2 exits: *Min x2) -9/Mines -8/Materials -7/Factory -6/Factory History --------- Turn | Location | Event 3 | -11/Scrapyard | Discovered new exit (range 15) 10 | -11/Scrapyard | Entered Materials 64 | -10/Materials | Discovered new exit (range 10) 235 | -10/Materials | Discovered new exit (range 13) 236 | -10/Materials | Discovered new exit (range 6) 247 | -10/Materials | Entered Mines 283 | -10/Mines | Discovered new exit (range 8) 300 | -10/Mines | Learned location of Storage (-7) 300 | -10/Mines | Discovered new exit (range 10) 488 | -10/Mines | Deemed a non-threat by the Exiles lab entrance 488 | -10/Mines | Discovered new exit (range 5) 492 | -10/Mines | Entered Exiles 510 | -10/Exiles | Discovered new exit (range 14) 529 | -10/Exiles | Met 8R-AWN 545 | -10/Exiles | Met EX-HEX 606 | -10/Exiles | Visited The Gauntlet 674 | -10/Exiles | Met EX-DEC 696 | -10/Exiles | Learned location of Zion (-7) 726 | -10/Exiles | Met EX-BIN 869 | -10/Exiles | Discovered new exit (range 14) 878 | -10/Exiles | Entered Mines 882 | -9/Mines | Met a Derelict bent on vengeance 1029 | -9/Mines | Discovered new exit (range 5) 1038 | -9/Mines | Met a Derelict shopkeep closing up shop 1063 | -9/Mines | Entered Materials 1415 | -8/Materials | Lost 5 parts (1p1n1u2w) 1528 | -8/Materials | Discovered new exit (range 11) 1545 | -8/Materials | Core integrity fell below 50% 1550 | -8/Materials | Entered Factory 1578 | -7/Factory | Lost 4 parts (1p2n1w) 1791 | -7/Factory | Lost 5 parts (1p2n1u1w) 2078 | -7/Factory | Discovered new exit (range 12) 2085 | -7/Factory | Core integrity fell below 50% 2087 | -7/Factory | Entered another Factory area 2112 | -6/Factory | Lost 3 parts (1p2n) 2197 | -6/Factory | Core integrity fell below 50% 2214 | -6/Factory | Lost 7 parts (1p4n2u) 2215 | -6/Factory | Core integrity fell below 20% 2239 | -6/Factory | Destroyed by S-27 Virus with Autogun Last Messages --------------- 02125_ O-24 Administrator: "IFF HANDSHAKE FAILED. SECURING TERMINAL." 02125_ ALERT: All DSF locations entering lockdown mode. 02126_ O-24 Administrator uses terminal to summon reinforcements. 02126_ ALERT: Hostiles spotted, dispatching reinforcements to Terminal F012. 02126_ O-24 Administrator locks terminal. 02139_ Took control of R-10 Processor. 02139_ Extracted analysis data for R-10 Processor. 02165_ Com. Wheel destroyed. 02166_ Acquired Gravmag System. 02169_ Hpw. Tractor Beam destroyed. 02170_ Acquired Gravmag System. 02170_ Com. Wheel destroyed. 02172_ Acquired Matter Compressor. 02174_ Field Recycling Unit destroyed. 02176_ Com. Wheel destroyed. 02177_ Acquired Hvy. Machine Gun. 02178_ Imp. Ion Engine destroyed. 02183_ Com. Wheel destroyed. 02230_ ALERT: Security rotation in progress. Map ----- +----------------------------------------------------+ | ?????????????????# ?????????????????????? | | ?????????????????# ?????????????????????? | | ?????????????????# ?????????????????????? | | ?????????????????# #?????????????????????? | | ?????????????????# " " #?????????????????????? | | ?????????????????# " " #?????????????????????? | | ?????????????????# " " #?????????????????????? | | ????????########## " " #?????????????????????? | | ??####### # " " #?#######+#####???????? | | ??# # """ # " " #? #???????? | | ??# # """ # " " # ] #???????? | | ??# # """ # " " # +???????? | | ??# + # " " + #???????? | | ??# #""" ! # # = #???????? | | ??# #"R + ! # #???????? | | ??# #""" ###### ##?#############???????? | | ??# # ! #????# #??????????????????????? | | ??# ##########????# #??????????????????????? | | ??# ?? #??????# #???????##############?? | | ??# ?? #??????# #???????# #?? | | ??# ? #??????# #???????# #?? | | ??# """""" #??????# #???????# #?? | | ??# """""" ########+##??????# #?? | | ??# """""" #! #??????# #?? | | ??# """""" # #??????# * ! #?? | | ??# # """ sR #??????# #?? | | ??# # """ ss#??????# ] #?? | | ??# # """ = #??????# #?? | | ??# # #??????? #?? | | ??# # #????????? ???? | | #######+## # #??????????? ?????? | | # = # ###+####################+####???? | | # """ # ^ #???? | | # """ + #???? | | # """ # #???? | | # # #???? | | # """ # ^ #???? | | # """ #########+################### #???? | | # """ #?????? ????????????????# #???? | | # #????# """ ??????????????# ?? | | ##########????# """ #????????????!# | | ??????????????#= """ ]#?????????????# | | ??????????????# #?????????????# | | ??????????????# +????????????? | | ??????????????# ""T"" #?????????????###+#+##### | | ??????????????#! """?" #???????]?????????? ???? | | ??????????????# ?????? #??????????????????"" ??? | | ???????????????????????#???????????????????????? | | ???????????????????????????????????????????????? | | ???????????????????????????????????????????????? | +----------------------------------------------------+ Best States ------------- Heat Dissipation 42 Energy Generation 23 Energy Capacity 215 Matter Stores 100 Matter Capacity 100 Sight Range 18 Robot Scan Range 15 Terrain Scan Range 14 Terrain Scan Density 85 Armor Coverage 150 Resistance: EX 50 Resistance: I 25 Evasion (%) 62 Recoil Reduction 2 Item Schematics ----------------- None Robot Schematics ------------------ None Fabricated ------------ Nothing Alien Tech Used ----------------- None Achievements -------------- None Challenges ------------ None Polymind | -11 -10 -10 -10 -9 -8 -7 -6 ---------- Run | Scr Mat Min Exi Min Mat Fac Fac Hosts 8 | . 1 . . . 3 3 1 Combat Hostiles 3 | . . . . . 3 . . Allies . | . . . . . . . . Unique Host Classes 7 | . 1 . . . 3 2 1 Average Host Suspicion 54 | . 30 6 . 17 95 100 100 Unsuspicious Activity 553 | . 128 195 . 93 137 . . Returns to Shadow . | . . . . . . . . Fuzzy Dispatches . | . . . . . . . . Protomatter Created 80 | . . . . 9 71 . . Used 117 | . 5 . . . 74 33 5 Decayed 20 | . . . . . 20 . . Highest Spend 45 | . 5 . . . 45 23 5 Top 5 Hosts by Kills: Y-45 Defender (-8/Materials: 4) G-50 Soldier (-8/Materials: 4) S-10 Pest (-8/Materials: 1) Game ------ Seed TrapNuclearComputer Manual? 0 Play Time 00:37:33 Cumulative 462.2 hours Start 2023.01.04 @ 16:36:51 End 2023.01.04 @ 17:29:00 Sessions 1 Manual Loads 0 Difficulty Rogue Special Mode Winter2022/Polymind Game No. 26 Rogue 9 Adventurer 17 Explorer 0 Win Type - Total 1 Types 1/0/0/0/0/0/0/0/0 Lore% 36 Gallery% 54 Achievement% 43 Wizard Run 0 Options --------- ASCII 0 Keyboard 0 Movement Numpad Keybinds 0 Fullscreen 1 Font 12/Smallcaps Map View 76x56 Tactical HUD 1 Map Filters NONE Filters NONE Steam 1 RUN: d21b564d-17db-44db-bc58-f6a083fbeeff